General information
- name: BNet
- type: Ladder team game (AT/RT)
- host: Battle.net
- saver: yesdoom
map: Deadlands
- players: 8
- length: 28:34
- speed: Fast
- version: 1.18 W3XP
- replay type: Public
» download(136 KB)
Players
team 1 (winner)
TranceBjorn (
blue | 77 APM | 2203 actions | 28:33)
9 Paladin
3 Holy Light
3 Devotion Aura
1 Resurrection
2 Divine Shield
» actions
| Assign group hotkey | 52 | |
| Basic commands | 15 | |
| Build / train | 70 | |
| Enter build submenu | 31 | |
| Enter hero's abilities submenu | 9 | |
| Give item / drop item | 5 | |
| Remove unit from queue | 4 | |
| Right click | 710 | |
| Select / deselect | 351 | |
| Select group hotkey | 873 | |
| Use ability | 83 | |
2203 total
» units
| Peasant | 12 | |
| Footman | 9 | |
| Gryphon Rider | 13 | |
| Knight | 4 | |
38 total
» upgrades
| Defend | 1 | |
| Lumber Harvesting | 2 | |
| Swords | 2 | |
| Storm Hammers | 1 | |
| Armor | 1 | |
| Animal War Training | 1 | |
8 total
» buildings
| Farm | 20 | |
| Barracks | 2 | |
| Altar of Kings | 1 | |
| Keep | 1 | |
| Lumber Mill | 2 | |
| Scout Tower | 1 | |
| Town Hall | 3 | |
| Guard Tower | 1 | |
| Blacksmith | 1 | |
| Arcane Vault | 1 | |
| Castle | 1 | |
| Gryphon Aviary | 2 | |
36 total
» build order
00:42 Farm
01:05 Barracks
01:20 Barracks
01:25 Farm
02:05 Farm
02:13 Altar of Kings
02:48 Farm
03:36 Farm
04:49 Keep
05:05 Lumber Mill
05:38 Scout Tower
06:08 Town Hall
06:18 Guard Tower
06:29 Blacksmith
07:08 Arcane Vault
07:48 Castle
08:49 Gryphon Aviary
09:18 Gryphon Aviary
09:21 Farm
09:23 Farm
09:24 Farm
11:53 Farm
11:55 Farm
11:58 Farm
12:00 Farm
12:02 Farm
12:03 Farm
17:39 Lumber Mill
21:11 Farm
21:20 Farm
21:21 Farm
21:56 Farm
21:57 Farm
21:59 Farm
23:13 Town Hall
23:42 Town Hall
» items
| Scroll of Regeneration | 3 | |
| Scroll of Town Portal | 2 | |
| Lesser Clarity Potion | 1 | |
6 total
RandomBullshltr (
pink | 43 APM | 1225 actions | 28:33)
7 Priestess of the Moon
3 Trueshot Aura
2 Searing Arrows
1 Starfall
1 Scout
» actions
| Assign group hotkey | 9 | |
| Basic commands | 27 | |
| Build / train | 115 | |
| ESC pressed | 1 | |
| Enter build submenu | 22 | |
| Enter hero's abilities submenu | 7 | |
| Give item / drop item | 1 | |
| Remove unit from queue | 29 | |
| Right click | 563 | |
| Select / deselect | 335 | |
| Select group hotkey | 67 | |
| Use ability | 43 | |
1225 total
» units
| Wisp | 22 | |
| Archer | 30 | |
| Glaive Thrower | 2 | |
54 total
» upgrades
| Strength of the Moon | 3 | |
| Moon Armor | 3 | |
| Ultravision | 1 | |
| Improved Bows | 1 | |
| Marksmanship | 1 | |
| Nature's Blessing | 1 | |
| Backpack | 1 | |
| Vorpal Blades | 1 | |
| Well Spring | 1 | |
13 total
» buildings
| Altar of Elders | 1 | |
| Ancient of War | 3 | |
| Moon Well | 9 | |
| Hunter's Hall | 1 | |
| Ancient Protector | 3 | |
| Ancient of Wonders | 1 | |
| Tree of Ages | 1 | |
| Tree of Life | 1 | |
| Tree of Eternity | 1 | |
21 total
» build order
00:10 Altar of Elders
00:16 Ancient of War
00:26 Ancient of War
00:36 Moon Well
02:16 Moon Well
03:10 Moon Well
04:23 Hunter's Hall
04:37 Moon Well
05:56 Moon Well
06:00 Moon Well
06:18 Ancient Protector
06:24 Ancient Protector
06:37 Ancient Protector
07:14 Moon Well
08:00 Ancient of War
09:03 Ancient of Wonders
09:50 Tree of Ages
12:19 Tree of Life
14:00 Tree of Eternity
15:50 Moon Well
15:57 Moon Well
» items
| Orb of Venom | 1 | |
| Potion of Healing | 7 | |
| Scroll of Town Portal | 1 | |
9 total
yesdoom (
green | 28 APM | 812 actions | 28:34)
7 Mountain King
3 Storm Bolt
3 Bash
1 Avatar
» actions
| Assign group hotkey | 20 | |
| Basic commands | 19 | |
| Build / train | 118 | |
| Enter build submenu | 20 | |
| Enter hero's abilities submenu | 7 | |
| Give item / drop item | 2 | |
| Right click | 236 | |
| Select / deselect | 270 | |
| Select group hotkey | 66 | |
| Use ability | 54 | |
812 total
» units
| Peasant | 12 | |
| Flying Machine | 65 | |
77 total
» upgrades
| Gunpowder | 3 | |
| Plating | 3 | |
| Masonry | 3 | |
| Lumber Harvesting | 2 | |
| Flying Machine Bombs | 1 | |
| Flak Cannons | 1 | |
13 total
» buildings
| Altar of Kings | 1 | |
| Lumber Mill | 2 | |
| Farm | 13 | |
| Blacksmith | 2 | |
| Arcane Vault | 1 | |
| Scout Tower | 7 | |
| Arcane Tower | 2 | |
| Guard Tower | 5 | |
| Keep | 1 | |
| Workshop | 2 | |
| Castle | 1 | |
| Town Hall | 1 | |
38 total
» build order
00:04 Altar of Kings
00:22 Lumber Mill
00:37 Farm
01:22 Farm
01:35 Blacksmith
01:52 Arcane Vault
01:58 Scout Tower
02:00 Scout Tower
02:01 Scout Tower
02:02 Scout Tower
02:03 Scout Tower
03:00 Arcane Tower
03:01 Guard Tower
03:25 Guard Tower
03:46 Guard Tower
03:48 Scout Tower
03:48 Scout Tower
03:52 Keep
04:20 Guard Tower
04:59 Guard Tower
05:09 Blacksmith
05:58 Arcane Tower
06:17 Workshop
06:22 Workshop
06:28 Lumber Mill
07:55 Castle
09:04 Town Hall
11:06 Farm
11:14 Farm
11:31 Farm
12:13 Farm
12:14 Farm
12:15 Farm
12:16 Farm
12:17 Farm
16:19 Farm
16:24 Farm
16:27 Farm
» items
| Potion of Healing | 3 | |
| Potion of Mana | 3 | |
| Orb of Fire | 1 | |
7 total

»
NeRdiEbOy (
yellow | 15 APM | 417 actions | 28:33)
5 Dreadlord
2 Carrion Swarm
2 Vampiric Aura
1 Inferno
» actions
| Basic commands | 6 | |
| Build / train | 43 | |
| Enter build submenu | 17 | |
| Enter hero's abilities submenu | 4 | |
| Remove unit from queue | 4 | |
| Right click | 88 | |
| Select / deselect | 228 | |
| Use ability | 26 | |
417 total
» units
| Acolyte | 2 | |
| Ghoul | 2 | |
| Crypt Fiend | 6 | |
| Necromancer | 7 | |
| Goblin Shredder | 1 | |
| Banshee | 5 | |
23 total
» upgrades
| Web | 1 | |
| Necromancer Training | 2 | |
| Skeletal Mastery | 1 | |
| Banshee Training | 2 | |
| Skeletal Longevity | 1 | |
7 total
» buildings
| Altar of Darkness | 1 | |
| Ziggurat | 7 | |
| Graveyard | 1 | |
| Crypt | 2 | |
| Halls of the Dead | 1 | |
| Temple of the Damned | 2 | |
| Black Citadel | 1 | |
| Tomb of Relics | 1 | |
16 total
» build order
00:08 Altar of Darkness
00:11 Ziggurat
00:18 Graveyard
01:38 Ziggurat
01:41 Crypt
02:54 Ziggurat
03:59 Crypt
05:02 Halls of the Dead
07:36 Ziggurat
08:41 Temple of the Damned
08:47 Temple of the Damned
10:23 Black Citadel
11:57 Ziggurat
12:42 Ziggurat
15:28 Ziggurat
16:22 Tomb of Relics
team 2 (loser)
killerramsey (
teal | 45 APM | 1277 actions | 28:32)
7 Blademaster
3 Wind Walk
3 Critical Strike
1 Bladestorm
5 Dreadlord
3 Vampiric Aura
2 Sleep
3 Tauren Chieftain
2 Endurance Aura
1 War Stomp
2 Shadow Hunter
1 Healing Wave
1 Serpent Ward
» actions
| Assign group hotkey | 33 | |
| Basic commands | 53 | |
| Build / train | 160 | |
| ESC pressed | 12 | |
| Enter build submenu | 32 | |
| Enter hero's abilities submenu | 18 | |
| Give item / drop item | 12 | |
| Right click | 375 | |
| Select / deselect | 422 | |
| Select group hotkey | 84 | |
| Use ability | 76 | |
1277 total
» units
| Peon | 18 | |
| Grunt | 6 | |
| Crypt Fiend | 15 | |
| Ghoul | 3 | |
| Shaman | 8 | |
| Troll Headhunter/Berserker | 15 | |
| Troll Witch Doctor | 9 | |
| Tauren | 9 | |
| Obsidian Statue | 4 | |
| Dryad | 9 | |
| Huntress | 5 | |
101 total
» upgrades
| Cannibalize | 1 | |
| Creature Attack | 3 | |
| Creature Carapace | 3 | |
| Berserker Strength | 1 | |
| Web | 1 | |
| Shaman Training | 2 | |
| Armor | 4 | |
| Melee Weapons | 2 | |
| Burrow | 1 | |
| Ranged Weapons | 3 | |
| Berserker Upgrade | 1 | |
| Witch Doctor Training | 1 | |
| Troll Regeneration | 1 | |
| Reinforced Hides | 2 | |
| Strength of the Wild | 2 | |
28 total
» buildings
| Altar of Storms | 1 | |
| Orc Burrow | 9 | |
| Barracks | 2 | |
| Stronghold | 1 | |
| Crypt | 1 | |
| Ziggurat | 6 | |
| Halls of the Dead | 1 | |
| Voodoo Lounge | 1 | |
| Spirit Lodge | 1 | |
| War Mill | 1 | |
| Fortress | 1 | |
| Slaughterhouse | 1 | |
| Black Citadel | 1 | |
| Great Hall | 2 | |
| Tauren Totem | 3 | |
| Moon Well | 2 | |
34 total
» build order
00:10 Altar of Storms
00:15 Orc Burrow
00:48 Barracks
01:45 Orc Burrow
02:57 Orc Burrow
04:08 Stronghold
04:15 Crypt
04:19 Ziggurat
04:21 Ziggurat
04:25 Halls of the Dead
04:37 Voodoo Lounge
04:41 Orc Burrow
06:39 Spirit Lodge
06:57 War Mill
07:05 Orc Burrow
08:06 Orc Burrow
09:37 Fortress
09:46 Orc Burrow
10:55 Slaughterhouse
10:58 Ziggurat
11:02 Ziggurat
11:04 Ziggurat
11:07 Black Citadel
11:39 Great Hall
12:25 Barracks
12:52 Tauren Totem
12:53 Tauren Totem
13:02 Tauren Totem
13:43 Orc Burrow
14:46 Ziggurat
18:00 Orc Burrow
21:10 Great Hall
26:00 Moon Well
26:03 Moon Well
» items
| Healing Salve | 1 | |
| Circlet of Nobility | 1 | |
| Boots of Speed | 1 | |
| Scroll of Town Portal | 2 | |
5 total

»
Sisyphus. (
purple | 31 APM | 370 actions | 11:53)
2 Blademaster
1 Wind Walk
1 Critical Strike
1 Shadow Hunter
1 Serpent Ward
» actions
| Assign group hotkey | 11 | |
| Build / train | 32 | |
| Enter build submenu | 17 | |
| Enter hero's abilities submenu | 3 | |
| Right click | 123 | |
| Select / deselect | 110 | |
| Select group hotkey | 45 | |
| Use ability | 29 | |
370 total
» units
» upgrades
| Ensnare | 1 | |
| Witch Doctor Training | 1 | |
2 total
» buildings
| Altar of Storms | 1 | |
| Orc Burrow | 5 | |
| Barracks | 1 | |
| Voodoo Lounge | 1 | |
| War Mill | 1 | |
| Stronghold | 1 | |
| Watch Tower | 1 | |
| Beastiary | 2 | |
| Fortress | 1 | |
| Spirit Lodge | 1 | |
| Great Hall | 1 | |
16 total
» build order
00:12 Altar of Storms
00:16 Orc Burrow
01:07 Barracks
01:22 Orc Burrow
02:40 Voodoo Lounge
02:51 War Mill
04:54 Stronghold
05:29 Orc Burrow
06:17 Watch Tower
06:20 Orc Burrow
07:42 Beastiary
07:47 Fortress
07:53 Beastiary
08:04 Spirit Lodge
09:12 Orc Burrow
10:38 Great Hall
» items
| Healing Salve | 1 | |
| Lesser Clarity Potion | 1 | |
| Potion of Lesser Invulnerability | 1 | |
3 total
Tantive (
orange | 13 APM | 48 actions | 03:41)
» actions
| Basic commands | 1 | |
| Build / train | 8 | |
| Enter build submenu | 6 | |
| Right click | 2 | |
| Select / deselect | 21 | |
| Use ability | 10 | |
48 total
» units
» buildings
| Crypt | 1 | |
| Graveyard | 1 | |
| Ziggurat | 2 | |
| Altar of Darkness | 1 | |
| Tomb of Relics | 1 | |
| Nerubian Tower | 2 | |
8 total
» build order
00:37 Crypt
01:04 Graveyard
01:18 Ziggurat
01:31 Ziggurat
01:54 Altar of Darkness
02:27 Tomb of Relics
02:50 Nerubian Tower
02:53 Nerubian Tower

»
fsdfdflkjdskflj (
red | 19 APM | 385 actions | 20:42)
3 Demon Hunter
2 Evasion
1 Immolation
1 Dark Ranger
1 Silence
2 Naga Sea Witch
1 Mana Shield
1 Forked Lightning
» actions
| Basic commands | 15 | |
| Build / train | 63 | |
| Enter build submenu | 15 | |
| Enter hero's abilities submenu | 6 | |
| Right click | 79 | |
| Select / deselect | 170 | |
| Use ability | 36 | |
385 total
» units
| Wisp | 18 | |
| Archer | 21 | |
| Fel Beast | 1 | |
| Draenei Disciple | 1 | |
| Voidwalker | 1 | |
| Draenei Darkslayer | 1 | |
| Druid of the Claw | 1 | |
44 total
» upgrades
| Improved Bows | 1 | |
| Ultravision | 1 | |
| Well Spring | 1 | |
| Marksmanship | 1 | |
| Druid of the Claw Training | 1 | |
| Strength of the Moon | 1 | |
| Moon Armor | 1 | |
7 total
» buildings
| Ancient of War | 1 | |
| Altar of Elders | 1 | |
| Moon Well | 6 | |
| Tree of Ages | 1 | |
| Hunter's Hall | 1 | |
| Tree of Life | 1 | |
| Tree of Eternity | 1 | |
| Ancient of Lore | 3 | |
15 total
» build order
00:22 Ancient of War
00:25 Altar of Elders
00:27 Moon Well
01:56 Moon Well
03:26 Moon Well
03:28 Tree of Ages
04:29 Moon Well
07:01 Hunter's Hall
07:07 Tree of Life
07:36 Tree of Eternity
13:32 Moon Well
13:35 Moon Well
13:43 Ancient of Lore
13:58 Ancient of Lore
14:03 Ancient of Lore
Chat log
(00:37 / Allies) TranceBjorn: foots 2 gryphs
(00:44 / Allies) NeRdiEbOy: MASS FIENDS
(00:46 / All) yesdoom: DWARVES
(00:51 / All) RandomBullshltr: nice
(00:54 / All) killerramsey: nice taunt
(01:04 / All) killerramsey: nood
(01:06 / All) killerramsey: ly
(01:07 / All) RandomBullshltr: i think he just fucked that up
(01:16 / Allies) NeRdiEbOy: no shit
(01:16 / All) yesdoom: DWARVES
(01:21 / All) RandomBullshltr: ok
(01:22 / All) RandomBullshltr: maybe nopt
(01:33 / Allies) NeRdiEbOy: maybe he just sucks
(01:37 / Allies) TranceBjorn: he does
(01:38 / All) yesdoom: DWARVES
(01:41 / Allies) TranceBjorn: who says dwarves
(01:55 / Allies) TranceBjorn: who comes up with names for units...
(01:59 / Allies) TranceBjorn: thats right a noob
(01:59 / Allies) NeRdiEbOy: mortares
(02:08 / All) yesdoom: DWARVES
(02:13 / Allies) RandomBullshltr: i think he means riflemen?
(02:17 / All) yesdoom: DWARVES
(02:22 / Allies) NeRdiEbOy: or mortars
(02:22 / Allies) TranceBjorn: and i htink he means gryphs
(02:29 / All) yesdoom: DWARVES
(02:33 / All) RandomBullshltr: loL
(02:39 / Allies) NeRdiEbOy: he meant the hero
(02:43 / All) yesdoom: DWARVES
(02:45 / All) RandomBullshltr: He just says that over and over
(02:46 / All) RandomBullshltr: lol
(03:07 / Allies) TranceBjorn: or maybe hes a midget
(03:10 / Allies) NeRdiEbOy: green u suk
(03:17 / All) RandomBullshltr: ROFL
(03:22 / All) yesdoom: DWARVES
(03:41 / All) RandomBullshltr: lol @ drwrves
(04:17 / All) TranceBjorn: lol go heal you dumb noob
(04:23 / All) yesdoom: DWARVES
(04:26 / All) RandomBullshltr: who me?
(05:13 / Allies) RandomBullshltr: there
(05:15 / Allies) NeRdiEbOy: green pretty good no?
(05:29 / Allies) RandomBullshltr: i saved his ass
(05:33 / All) yesdoom: DWARVES
(05:38 / Allies) NeRdiEbOy: i know
(05:50 / All) yesdoom: DWARVES?
(05:57 / All) NeRdiEbOy: DWARVES
(06:01 / All) NeRdiEbOy: DWARVES
(06:04 / All) yesdoom: YES, DWARVES
(06:07 / All) NeRdiEbOy: DWARVES
(06:08 / All) RandomBullshltr: wow
(06:09 / All) fsdfdflkjdskflj: your mom sucks dwareves
(06:12 / All) RandomBullshltr: he said another word
(06:43 / All) RandomBullshltr: rofl
(06:48 / All) yesdoom: rofl dwarves
(06:55 / Allies) NeRdiEbOy: HE MEANT mrotars
(06:58 / Allies) NeRdiEbOy: mortatrs
(07:01 / Allies) NeRdiEbOy: mortars
(07:02 / All) yesdoom: NO DWARVES
(07:08 / Allies) RandomBullshltr: ?
(07:12 / All) yesdoom: DWARVES
(07:24 / Allies) RandomBullshltr: good game of guess the unit
(07:31 / Allies) NeRdiEbOy: ya
(08:30 / Allies) RandomBullshltr: gaunts for slippers
(08:31 / Allies) RandomBullshltr: green
(08:40 / All) yesdoom: kk
(08:46 / Allies) RandomBullshltr: thx
(08:49 / All) yesdoom: DWAWRVES
(10:09 / All) yesdoom: DWARVES
(10:22 / Allies) RandomBullshltr: wow u jacked that quick
(10:29 / Allies) RandomBullshltr: guess i go here
(10:37 / All) yesdoom: DWARVES WANT MORE ALE
(11:02 / Allies) RandomBullshltr: hmm
(11:49 / Allies) RandomBullshltr: run
(11:50 / Allies) RandomBullshltr: and now
(11:58 / All) RandomBullshltr: ?
(12:09 / All) TranceBjorn: gg leave
(12:23 / All) TranceBjorn: leave
(12:27 / All) killerramsey: lol npo
(12:33 / All) killerramsey: purp sucked any way
(12:34 / All) TranceBjorn: teal you suck dude
(12:35 / All) killerramsey: haha
(12:36 / All) killerramsey: i suck
(12:37 / All) killerramsey: lol
(12:38 / All) RandomBullshltr: we're gonna let drawves handle u
(12:42 / All) RandomBullshltr: lol
(12:42 / All) yesdoom: DWARVES
(13:12 / All) RandomBullshltr: o wow
(13:27 / Allies) RandomBullshltr: lemee get blue ?
(13:31 / Allies) RandomBullshltr: ...
(13:44 / Allies) TranceBjorn: shouldve said earlier
(13:47 / Allies) RandomBullshltr: itsk
(14:09 / All) yesdoom: DWARVEN PROTOTYPE FINISHED
(14:12 / All) yesdoom: READY FOR MASS PRODUCTION
(14:16 / All) RandomBullshltr: lol
(14:21 / Allies) TranceBjorn: -.-
(14:28 / All) killerramsey: bye bye
(14:30 / All) RandomBullshltr: LoL
(14:51 / All) yesdoom: LOTS OF DWARVES
(15:05 / All) RandomBullshltr: those are humans...
(15:09 / Allies) NeRdiEbOy: no green they suk
(15:09 / All) yesdoom: THOSE ARE DWARVES
(15:13 / All) RandomBullshltr: ok..
(15:17 / Allies) RandomBullshltr: nah
(15:19 / Allies) RandomBullshltr: they dont suck
(15:22 / All) yesdoom: DWARVES
(15:24 / Allies) RandomBullshltr: if u get a lot of them
(15:31 / Allies) RandomBullshltr: and focus on 1 building
(16:37 / All) yesdoom: NOT ENOUGH DWARVES
(16:46 / Allies) NeRdiEbOy: omfg
(16:49 / All) killerramsey: lol
(16:53 / All) RandomBullshltr: lol
(16:53 / All) TranceBjorn: :D
(16:58 / All) yesdoom: I HAVE A FEVER AND THE ONLY CURE IS..
(16:59 / All) yesdoom: MORE DWARVES
(17:08 / Allies) NeRdiEbOy: omfg
(17:14 / All) RandomBullshltr: rofl
(17:28 / All) fsdfdflkjdskflj: more cowbell
(17:34 / All) yesdoom: NEEDS MORE DWARF
(17:34 / All) RandomBullshltr: holy shit
(17:35 / All) yesdoom: MORE DWARF
(17:35 / All) fsdfdflkjdskflj: more cowbell
(17:39 / All) RandomBullshltr: they're multiplying
(17:54 / Allies) TranceBjorn: send your gyros now
(17:57 / Allies) RandomBullshltr: no
(17:58 / Allies) RandomBullshltr: dont
(17:58 / All) yesdoom: NO NEED MORE DWARVES
(18:03 / Allies) TranceBjorn: send them
(18:03 / Allies) RandomBullshltr: bomb there cities
(18:06 / Allies) NeRdiEbOy: omg pink
(18:09 / Allies) RandomBullshltr: im on way
(18:10 / All) yesdoom: NO READY YET NEED MORE DWARVES
(18:15 / Allies) TranceBjorn: i need help here
(18:30 / All) yesdoom: THEY ARE NOT TESTED THEY ARE NOT TRIED
(18:32 / Allies) RandomBullshltr: im tping
(18:33 / All) yesdoom: WE CAN'T BE SURE
(18:43 / Allies) RandomBullshltr: all ocme
(18:46 / All) yesdoom: FINE
(18:55 / Allies) NeRdiEbOy: green tp
(19:01 / All) yesdoom: DWARVES GO
(19:49 / All) killerramsey: gg
(19:59 / All) RandomBullshltr: giving up?
(20:12 / All) yesdoom: THEY CAM EFROM BEHIND
(20:17 / Allies) NeRdiEbOy: green what happen
(20:40 / All) yesdoom: GRIM THUNDERBREW
(20:47 / Allies) NeRdiEbOy: counter
(20:48 / All) yesdoom: SLAYER OF ALL
(20:50 / All) TranceBjorn: now leave fellas
(20:53 / All) RandomBullshltr: lol
(21:21 / Allies) NeRdiEbOy: omg green
(21:26 / All) killerramsey: nice lag
(21:40 / All) RandomBullshltr: towered in teal ?
(21:45 / All) yesdoom: TOWRS
(21:45 / All) killerramsey: yes
(21:47 / All) yesdoom: NONE CAN STOP DWARF
(21:49 / All) RandomBullshltr: sweet
(22:11 / Allies) NeRdiEbOy: counter
(22:18 / All) yesdoom: SOON THE DWARVES WILL BE READY
(22:33 / All) yesdoom: NONE CAN FACE THE COMING STORM
(23:14 / All) RandomBullshltr: Vorpal
(23:20 / All) yesdoom: Snicker snack
(23:23 / All) yesdoom: SNICKER SNACK
(23:44 / All) RandomBullshltr: lol @ gyro
(23:52 / All) yesdoom: DO NOT LAUGH THEY WILL SLAY THE WORLD
(24:04 / All) yesdoom: THE TIME OF MEN IS OVER
(24:11 / All) yesdoom: THE AGE OF THE DWARVES HAS BEGUN
(24:16 / All) TranceBjorn: running outta gold fellas
(24:20 / All) yesdoom: YOU ARE WEAK
(25:08 / All) TranceBjorn: pains me to kill tier 3 melee with air :( but you just dont get the message teal
(25:21 / All) yesdoom: ALMOST THERE
(25:24 / Allies) RandomBullshltr: lol
(25:25 / Allies) TranceBjorn: dont do that
(25:28 / Allies) TranceBjorn: i cant help you
(25:30 / Allies) TranceBjorn: they got dryads
(25:38 / Allies) TranceBjorn: youre on your own bro
(25:39 / All) yesdoom: DRYADS ARE NOTHING
(25:40 / Allies) NeRdiEbOy: u suk green
(25:58 / Allies) TranceBjorn: green send your stupid gyros and kill their bases
(26:00 / Allies) RandomBullshltr: since u wont help
(26:06 / All) RandomBullshltr: pwnt
(26:06 / All) yesdoom: SOON
(26:07 / All) yesdoom: SOON
(27:03 / All) yesdoom: COME, LET US DANCE
(27:14 / All) TranceBjorn: gg leave
(27:20 / Allies) RandomBullshltr: help
(27:22 / Allies) RandomBullshltr: i healed u
(27:22 / All) killerramsey: lol
(27:48 / All) NeRdiEbOy: aint that alot of DWARVES
(28:17 / All) RandomBullshltr: LOL
(28:18 / All) RandomBullshltr: fagget
(28:23 / All) killerramsey: lol green was the only good one
(28:31 / All) killerramsey: the rest of u suck